AoeStats
← certaingoosetragedy

Arabia

509362674Analyzed
1v1 RM · 7d ago on Sep 26, 2026· 19m 13s· 2 players
Game mode
Random Map
Map size
Tiny (2 player)
Population
200
Speed
Normal
Resources
Standard
Victory
Conquest
Starting age
Dark Age
Ending age
Imperial Age
RankedLock teamsTeams togetherTeam positionsShared explorationLock speedFull tech treeHidden civsTurbo modeCheats
Victory
Defeat
🇳🇴 Armenians · Norway
863
+16
🇺🇸 Franks · United States
856
-30
certaingoosetragedy
10:55 Feudal Age
12:47 Double-Bit Axe
21:13 Castle Age
zubovic4
7:17 Loom
12:20 Feudal Age
13:25 Man-at-Arms
14:13 Long Swordsman
15:35 Double-Bit Axe
15:44 Gold Mining
16:13 Forging
19:04 Scale Mail Armor
19:06 Arson
Connection lost

Rejoining the realm…

Still unreachable

The connection could not be restored.

Session expired

The server has moved on; the page needs a fresh start.